 Dungeon Crawl Stone Soup version 0.20-a0-839-gdaf5c57 (webtiles) character file.

1937 Amciq the Shield-Bearer (level 9, -1/69 HPs)
             Began as a Formicid Fighter on Mar 8, 2017.
             Was a High Priest of Zin.
             Killed by divine providence
             ... invoked by an orc priest
              (12 damage)
             ... on level 7 of the Dungeon.
             The game lasted 00:17:54 (5589 turns).

Amciq the Shield-Bearer (Formicid Fighter)          Turns: 5589, Time: 00:17:54

Health: -1/69      AC: 12    Str: 23    XL:     9   Next: 40%
Magic:  12/12      EV:  6    Int:  8    God:    Zin [*****.]
Gold:   449        SH: 11    Dex: 11    Spells: 8/8 levels left

rFire    . . .     SeeInvis +   a - +0 flail
rCold    . . .     Gourm    .   y - +0 plate armour
rNeg     . . .     Faith    .   c - +0 shield
rPois    .         Spirit   .   (helmet unavailable)
rElec    .         Reflect  .   (no cloak)
rCorr    .         Harm     .   (no gloves)
MR       .....                  (no boots)
Stlth    ..........             (no amulet)
Regen    0.3/turn               B - ring of flight
MPRegen  0.2/turn               p - ring of teleportation (curse)

@: short of breath
A: permanent stasis, dig shafts and tunnels, four strong arms, antennae 3
a: Dig, Shaft Self, Recite, Vitalisation, Imprison, Sanctuary, Donate Gold,
Renounce Religion, Evoke Flight


You were on level 7 of the Dungeon.
You worshipped Zin.
Zin was extremely pleased with you.
You were not hungry.

You visited 1 branch of the dungeon, and saw 7 of its levels.

You collected 535 gold pieces.
You donated 86 gold pieces to Zin.

Inventory:

Hand Weapons
 a - a +0 flail (weapon)
Armour
 c - a +0 shield (worn)
 y - a +0 plate armour (worn)
Jewellery
 p - a cursed ring of teleportation (left hand)
 t - an uncursed ring of resist corrosion
 B - a ring of flight (right hand)
Scrolls
 b - 2 scrolls of fear
 d - a scroll of recharging {unknown}
 e - a scroll of random uselessness {unknown}
 i - 3 scrolls of identify
 j - 2 scrolls of amnesia {unknown}
 m - 3 scrolls of enchant weapon {unknown}
 n - 2 scrolls of immolation {unknown}
 w - a scroll of remove curse {unknown}
 C - a scroll of blinking {unknown}
 D - 2 scrolls of magic mapping {unknown}
Potions
 g - 4 potions of curing
 h - a potion of ambrosia {unknown}
 k - 3 potions of agility
 l - a potion of degeneration {unknown}
 o - a potion of berserk rage {unknown}
 q - 3 potions of haste {unknown}
 s - a potion of mutation {unknown}
 u - 2 potions of might
 v - a potion of cancellation {unknown}
 x - a potion of heal wounds
 A - 2 potions of invisibility {unknown}
Comestibles
 f - 4 bread rations
 r - 3 royal jellies
 z - 4 meat rations
 E - a chunk of flesh


   Skills:
 + Level 6.0 Fighting
 + Level 5.0 Maces & Flails
 + Level 6.0 Armour
 + Level 6.8 Stealth
 + Level 6.8 Shields
 + Level 4.8 Invocations


You had 8 spell levels left.
You didn't know any spells.

Dungeon Overview and Level Annotations

Branches:
Dungeon (7/15)
 Temple: D:4-7

Altars:
Sif Muna
Trog
Uskayaw
Wu Jian
Yredelemnul
Zin


Innate Abilities, Weirdness & Mutations

You cannot be hasted, slowed, berserked, paralysed or teleported.
You can dig through walls and to a lower floor.
Your four strong arms can wield two-handed weapons with a shield.
You have a pair of large antennae on your head. (SInv)


Message History

The orc warrior is lightly wounded.
You block the orc warrior's attack.
You hit the orc warrior but do no damage.
The orc warrior is lightly wounded.
You block the orc priest's attack.
The orc warrior hits you with a trident!
Your plate armour prevents you from hitting the orc warrior.
The orc warrior is lightly wounded.
You block the orc priest's attack. You block the orc warrior's attack.
You sock the orc priest!
The orc priest is severely wounded.
The orc priest mumbles some strange prayers to Beogh against you.
Pain shoots through your body!
The orc warrior hits you with a trident!
* * * LOW HITPOINT WARNING * * *
You hit the orc priest but do no damage.
The orc priest is severely wounded.
The orc priest mumbles some strange prayers to Beogh against you.
Beogh smites you!
You die...

.....# ###
#....#
...####....#
...........#
...........#
......(....#
........./.#
......o....#
.......@[).#
########o####
...........#
........<..#
...........#
...........#
...........#
############


You could see an orc warrior and an orc priest (blind).

Vanquished Creatures
  The ghost of Amciq the Shield-Bearer, a novice FoFi (D:3)
  Sigmund (D:6)
  Menkaure (D:6)
  An orc warrior (D:6)
  A black bear (D:6)
  A sky beast (D:6)
  2 ogres
  3 centaurs (D:6)
  A bullfrog (D:6)
  2 scorpions (D:4)
  3 crimson imps
  2 hounds
  Crazy Yiuf (D:5)
  2 orc priests
  Ijyb (D:2)
  5 worker ants
  2 hound skeletons
  9 adders
  An ooze (D:1)
  An adder zombie (D:6)
  An adder skeleton (D:6)
  2 worms (D:2)
  A dart slug (D:1)
  7 leopard geckos
  5 orcs
  A ball python (D:2)
  10 bats
  2 giant cockroaches
  10 goblins
  9 hobgoblins
  12 jackals
  10 kobolds
  2 quokkas
  4 frilled lizards
  A jackal zombie (D:4)
  8 rats
126 creatures vanquished.

Vanquished Creatures (others)
  An orc (D:7)
1 creature vanquished.

Grand Total: 127 creatures vanquished

Notes
Turn   | Place    | Note
-------+----------+-------------------------------------------
     0 | D:1      | Amciq the Formicid Fighter began the quest for the Orb.
     0 | D:1      | Reached XP level 1. HP: 18/18 MP: 1/1
    70 | D:1      | Reached skill level 1 in Stealth
    73 | D:1      | Reached XP level 2. HP: 24/24 MP: 2/2
   302 | D:1      | Reached XP level 3. HP: 24/29 MP: 3/3
   814 | D:2      | Reached XP level 4. HP: 13/35 MP: 4/4
  1180 | D:2      | Noticed Ijyb
  1195 | D:2      | Killed Ijyb
  1212 | D:2      | Found a glowing silver altar of Zin.
  1241 | D:2      | Became a worshipper of Zin the Law-Giver
  1242 | D:2      | Donated 33 gold pieces to Zin
  1293 | D:2      | Reached XP level 5. HP: 40/42 MP: 5/5
  1409 | D:2      | Reached * piety under Zin
  1883 | D:3      | Noticed Amciq's ghost (novice FoFi)
  1894 | D:3      | HP: 2/42 [Amciq's ghost (6)]
  1896 | D:3      | Killed Amciq's ghost
  1896 | D:3      | Reached skill level 5 in Shields
  1896 | D:3      | Reached XP level 6. HP: 3/49 MP: 5/7
  1896 | D:3      | Reached XP level 7. HP: 3/55 MP: 5/8
  2346 | D:3      | Reached ** piety under Zin
  2810 | D:4      | Found a deep blue altar of Sif Muna.
  2930 | D:4      | Reached *** piety under Zin
  3448 | D:4      | Reached XP level 8. HP: 45/61 MP: 10/10
  3531 | D:4      | Found a hide-covered altar of Uskayaw.
  3559 | D:4      | Found an ornate altar of the Wu Jian Council.
  3559 | D:4      | Found a basalt altar of Yredelemnul.
  3585 | D:5      | Entered Level 5 of the Dungeon
  3611 | D:5      | Reached skill level 5 in Armour
  3611 | D:5      | Reached skill level 5 in Stealth
  3735 | D:5      | Reached **** piety under Zin
  3825 | D:5      | Reached skill level 5 in Fighting
  4180 | D:5      | Found a runed door.
  4184 | D:5      | Noticed Crazy Yiuf
  4186 | D:5      | Killed Crazy Yiuf
  4525 | D:6      | Found a bloodstained altar of Trog.
  4541 | D:6      | Noticed Sigmund
  4562 | D:6      | Killed Sigmund
  4598 | D:6      | Noticed Menkaure
  4602 | D:6      | Killed Menkaure
  4602 | D:6      | Reached XP level 9. HP: 59/69 MP: 10/12
  4836 | D:6      | Reached skill level 5 in Maces & Flails
  5091 | D:6      | Reached ***** piety under Zin
  5589 | D:7      | Killed from afar by an orc priest

Vault maps used:
D:1:      matt_arrival_grand_opening
D:2:      minmay_wonky_spiral, old_standard_altar, uniq_iyjb
D:3:      serial_forest, infiniplex_forest_clump_curved,
          infiniplex_forest_clump_large, infiniplex_forest_lined_ring,
          infiniplex_forest_end_3, infiniplex_forest_clump_double,
          infiniplex_forest_lined_3_way
D:4:      kennysheep_little_box, kennysheep_mini, gammafunk_temple_overflow_wave
D:5:      first_bread, uniq_crazy_yiuf_cottage
D:6:      overflow_temple_1_default, uniq_sigmund, uniq_menkaure
D:7:      grunt_temple_overflow_champion_of_chaos, old_standard_altar,
          old_standard_altar, minmay_temple_entry_overgrown,
          nicolae_ru_the_path_less_chosen, uniq_duvessa

Skill      XL: |  1  2  3  4  5  6  7  8  9 |
---------------+----------------------------+-----
Stealth        | 1 2 4 6 |  6.8
Shields        | 4 5 6 |  6.8
Fighting       | 4 5 6 |  6.0
Maces & Flails | 3 4 5 |  5.0
Armour         | 4 5 6 |  6.0
Invocations    | 2 4 |  4.8

Action                   |  1- 3 |  4- 6 |  7- 9 || total
-------------------------+-------+-------+-------++-------
Melee: Flail             |   125 |    97 |   381 ||   603
Invok: Donate Gold       |       |     1 |       ||     1
       Recite            |       |       |     7 ||     7
       Vitalisation      |       |       |     3 ||     3
       Imprison          |       |       |     1 ||     1
  Use: Potion            |     1 |     1 |     1 ||     3
       Scroll            |       |       |     7 ||     7
 Stab: Invisible         |       |       |     5 ||     5
       Paralysed         |       |       |     2 ||     2
       Confused          |       |       |     1 ||     1
  Eat: Chunk             |       |     4 |    10 ||    14
       Royal jelly       |       |       |     1 ||     1
Armor: Scale mail        |    51 |    35 |       ||    86
       Plate armour      |       |     3 |   228 ||   231
Dodge: Dodged            |    39 |    29 |    98 ||   166
Block: Shield            |    60 |    51 |   240 ||   351
